Unix NetHack Version 5.0.0-0 post-release - last build Jul 14 2026 02:55:29 (1809b74e8187c3a3585e283601c3028b46cbbdcb,branch:main).

Game began 2026-07-16 21:41:03, ended 2026-07-16 21:54:00.

Jinnora, neutral female human Wizard

   ------------
   |......<....        -----
   |..........|       #|...|
   |..........|       #....|
   |...........      ##|^.)|#################
   ----.-------       #|...|#####--------.----
       #########      #---.-#    |C.........C|
               ################  |.....C.....|
                                 |...-----...|
                                 |...|.{.|...|
                                 |@.C|{.{|C..|
                                 |.p.|.{.|...|
                                 |.f.--.--...|
                                 |.....*.....|
                                 |C.........C|
                                 -------------

Jinnora the Conjurer      St:9 Dx:11 Co:16 In:18 Wi:10 Ch:12  Neutral
Dlvl:5  $:25 HP:0(33) Pw:22(37) AC:7  Xp:4/102 T:1334  Burdened

Latest messages:
 Your housecat eats a guardian naga hatchling corpse.
 The housecat looks healthy.
 You swap places with your housecat.
 You see here a tinning kit.
 You have a little trouble lifting a tinning kit.  Continue? [ynq] (q) y
 You have a little trouble lifting T - a tinning kit.
 Your movements are slowed slightly because of your load.
 What do you want to drop? [$a-hjkn-zA-KMNQ-T or ?*] v
 You drop 2 crude daggers.
 Your movements are now unencumbered.
 The housecat suddenly falls asleep!
 You swap places with your housecat.
 You swap places with your housecat.
 You swap places with your housecat.
 In what direction? 2
 Whammm!!
 In what direction? 2
 Whammm!!
 That door is closed.
 That door is closed.
 In what direction? 2
 Thwack!!
 In what direction? 2
 As you kick the door, it crashes open!
 The housecat bites the coyote.
 The coyote is killed!
 You hear a jackal howling at the moon.
 You stop.  Your housecat is in the way!
 You miss the werejackal.
 The werejackal bites!
 In what direction? 4
 The spell hits the werejackal!
 You kill the werejackal!
 The statue shatters.
 You have a little trouble lifting a food ration.  Continue? [ynq] (q) y
 You have a little trouble lifting K - a food ration (2 in total).
 U - a scroll labeled PHOL ENDE WODAN.
 Your movements are slowed slightly because of your load.
 The housecat bites the red mold.
 The red mold is killed!
 A rock piercer suddenly drops from the ceiling!
 You are hit by a falling rock piercer!
 The housecat misses the rock piercer.
 The housecat misses the rock piercer.
 The housecat bites the rock piercer.
 The rock piercer misses the housecat.
 The housecat misses the rock piercer.
 The rock piercer bites!
 You die...
 Do you want your possessions identified? [ynq] (y) q

Inventory:
 Coins    ('$')
  $ - 25 gold pieces
 Weapons  (')')
  q - 7 uncursed +0 darts
  p - a cursed -2 dart
  M - 8 cursed -5 darts
  H - 3 uncursed +0 daggers
  a - a blessed +1 quarterstaff (weapon in hands)
 Armor    ('[')
  w - an uncursed +0 orcish helm
  C - a cursed -1 pair of levitation boots
  b - a blessed +2 cloak of magic resistance (being worn)
  x - a cursed -1 oilskin cloak
  I - an uncursed +0 dwarvish mithril-coat
 Comestibles  ('%')
  K - 2 uncursed food rations
  R - 2 uncursed fortune cookies
  s - 2 uncursed pears
  D - an uncursed tripe ration
  t - a cursed tripe ration
 Scrolls  ('?')
  j - an uncursed scroll of create monster
  k - an uncursed scroll of destroy armor
  z - an uncursed scroll of light
  N - an uncursed scroll of magic mapping
  B - an uncursed scroll of remove curse
  U - an uncursed scroll of teleportation
 Potions  ('!')
  o - an uncursed potion of booze
  G - an uncursed potion of extra healing
  h - an uncursed potion of fruit juice
  Q - 2 blessed potions of healing
  y - an uncursed potion of healing
  g - an uncursed potion of levitation
  f - an uncursed potion of restore ability
 Rings    ('=')
  e - an uncursed +1 ring of gain constitution
  E - an uncursed ring of slow digestion
  d - an uncursed ring of teleport control
  F - an uncursed ring of warning
 Wands    ('/')
  c - an uncursed wand of lightning (0:5)
  A - an uncursed wand of speed monster (0:7)
  u - an uncursed wand of striking (0:4)
 Tools    ('(')
  n - an uncursed magic marker (0:20)
  T - an uncursed tinning kit (0:48)
 Gems/Stones  ('*')
  J - an uncursed citrine stone
  r - a cursed worthless piece of green glass
  S - an uncursed worthless piece of orange glass

Jinnora the Wizard's attributes:

Background:
 You were a Conjurer, a level 4 female human Wizard.
 You were neutral, on a mission for Thoth
 who was opposed by Ptah (lawful) and Anhur (chaotic).
 You were right-handed.
 You were in the Dungeons of Doom, on level 5.
 You entered the dungeon 1334 turns ago.
 There was a new moon in effect when your adventure ended.
 You had 102 experience points, 58 more were needed to attain level 5.

Basics:
 You had 0 out of 33 hit points.
 You had 22 out of 37 energy points (spell power).
 Your armor class was 7.
 Your wallet contained 25 zorkmids.
 Autopickup was off.

Final Characteristics:
 Your strength was 9 (limit:18/100).
 Your dexterity was 11 (limit:18).
 Your constitution was 16 (limit:18).
 Your intelligence was 18 (limit:18).
 Your wisdom was 10 (limit:18).
 Your charisma was 12 (limit:18).

Final Status:
 You weren't hungry.
 You were burdened; movement was slightly slowed.
 You were wielding a quarterstaff.
 You had basic skill with quarterstaff.

Final Attributes:
 You were devoutly aligned.
 You were magic-protected.
 You were warded.
 You are dead.

Miscellaneous:
 You didn't encounter any bones levels.
 Total elapsed playing time was 12 minutes and 57 seconds.

Major events:
 Turn
    1: Jinnora the neutral female human Wizard entered the dungeon
  494: entered the Gnomish Mines
  611: attained the rank of Conjurer (level 3)
 1334: killed by a rock piercer

Spells:
 Name                 Level Category     Fail Retention
 force bolt             1   attack         0%  91%-100%
 jumping                1   escape         0%  76%-100%
 knock                  1   matter         0%  76%-100%

Skills:
 Fighting Skills
   bare handed combat [Unskilled]
   riding             [Unskilled]
 Weapon Skills
   dagger             [Unskilled]
   knife              [Unskilled]
   axe                [Unskilled]
   short sword        [Unskilled]
   club               [Unskilled]
   mace               [Unskilled]
   quarterstaff       [Basic]
   polearms           [Unskilled]
   spear              [Unskilled]
   trident            [Unskilled]
   sling              [Unskilled]
   dart               [Unskilled]
   shuriken           [Unskilled]
 Spellcasting Skills
   attack spells      [Basic]
   healing spells     [Unskilled]
   divination spells  [Unskilled]
   enchantment spells [Basic]
   clerical spells    [Unskilled]
   escape spells      [Unskilled]
   matter spells      [Unskilled]

Voluntary challenges:
 Character rerolling was not enabled.
 You never genocided any monsters.
 You never polymorphed an object.
 You never changed form.
 You used no wishes.
Achievements:
 You entered a shop.
 You entered the Gnomish Mines.
 You attained the rank of Conjurer.

 The Dungeons of Doom: levels 1 to 5
    Level 1:
    Level 2:
       A general store.
    Level 3:
       A general store.
       Stairs down to The Gnomish Mines.
    Level 4:
       Some fountains, a sink.
    Level 5: <- You were here.
       Many fountains.
       Final resting place for
          you, killed by a rock piercer.
 The Gnomish Mines: levels 4 to 5
    Level 4:
    Level 5:


Vanquished creatures:
  2 gnome leaders
  a guardian naga hatchling
  a dwarf
  a homunculus
  a giant bat
  a werejackal
 an iguana
 an acid blob
  a coyote
  2 manes
  a red mold
  8 gnomes
  2 jackals
  2 foxes
  3 kobolds
  2 goblins
  3 grid bugs
  a bat
  a lichen
  2 newts
37 creatures vanquished.

No species were genocided or became extinct.

Game over:
                       ----------
                      /          \
                     /    REST    \
                    /      IN      \
                   /     PEACE      \
                  /                  \
                  |     Jinnora      |
                  |      25 Au       |
                  | killed by a rock |
                  |     piercer      |
                  |                  |
                  |                  |
                  |       2026       |
                 *|     *  *  *      | *
        _________)/\\_//(\/(/\)/\//\/|_)_______

Goodbye Jinnora the Wizard...

You died in The Dungeons of Doom on dungeon level 5 with 631 points,
and 25 pieces of gold, after 1334 moves.
You were level 4 with a maximum of 33 hit points when you died.

